Map: Ever Dream LE

Players

EnDerr

  • Race: Zerg Zerg
  • League: Master
  • Spawn Location: 1:00

RiSky - Winner!

  • Race: Zerg Zerg
  • Spawn Location: 7:00

Event: DreamHack SC2 Masters 2020 Fall

VOD

Have the link to the VOD?

Description

Time

  • Played on: Aug. 26, 2020, 7:03 a.m.
  • Length: 7:09

All games in this series

Show
View Real Time Build Order
Export as new Build Order

EnDerr Zerg 

Build Orders: Hatch First 

Get SALT Encoding   

  12  0:00  Drone  
  13  0:12  Overlord  
  13  0:17  Drone  
  14  0:31  Drone x2  
  16  0:48  Hatchery  
  15  0:51  Drone  
  15  0:55  Drone  
  17  0:59  Drone  
  18  1:09  Extractor  
  17  1:15  Spawning Pool  
  17  1:17  Drone  
  17  1:21  Drone  
  18  1:30  Drone  
  19  1:44  Drone  
  20  1:50  Drone  
  21  2:01  Queen x2  
  21  2:02  Drone x2  
  27  2:12  Metabolic Boost  
  27  2:13  Overlord  
  28  2:15  Drone  
  28  2:33  Zergling x4  
  28  2:36  Hatchery  
  29  2:41  Baneling Nest  
  28  2:46  Drone  
  28  2:47  Overlord  
  28  2:49  Drone  
  30  2:55  Drone x2  
  31  3:09  Zergling x6  
  31  3:12  Zergling x8  
  38  3:15  Zergling x2  
  38  3:18  Zergling x2  
  40  3:22  Queen  
  42  3:27  Baneling x2  
  42  3:31  Overlord  
  42  3:40  Drone x2  
  44  3:42  Evolution Chamber  
  44  3:45  Zergling x2  
  44  3:53  Drone  
  43  3:59  Drone  
  43  4:01  Drone x3  
  41  4:04  Drone  
  41  4:05  Drone x3  
  41  4:09  Zerg Missile Weapons Level 1  
  45  4:10  Baneling  
  45  4:13  Drone x2  
  45  4:15  Drone  
  48  4:19  Drone x2  
  49  4:26  Extractor  
  49  4:27  Extractor  
  49  4:28  Roach Warren, Zergling x4  
  48  4:34  Baneling, Zergling x2  
  48  4:36  Zergling x2  
  50  4:43  Zergling x8  
  54  4:46  Zergling x2  
  54  4:52  Overlord  
  55  4:55  Drone x3  
  58  5:00  Overlord  
  58  5:01  Overlord  
  58  5:10  Lair  
  58  5:13  Drone x7  
  64  5:18  Drone  
  64  5:21  Drone x4  
  68  5:24  Drone  
  68  5:25  Drone  
  71  5:31  Drone  
  71  5:33  Overlord  
  71  5:39  Roach x4  
  71  5:41  Roach  
  78  5:44  Roach  
  80  5:54  Roach x4  
  80  5:55  Roach  
  86  6:02  Spine Crawler  
  86  6:03  Spine Crawler x2  
  81  6:05  Roach x2  
  81  6:07  Roach  
  81  6:10  Roach  
  88  6:13  Roach  
  88  6:14  Roach  
  88  6:15  Roach  
  88  6:18  Roach x2  
  85  6:19  Roach  
  85  6:21  Roach  
  85  6:25  Roach x2  
  89  6:27  Roach  
  89  6:29  Roach  
  89  6:30  Zergling x2  
  89  6:32  Roach  
  81  6:35  Roach  
  81  6:37  Roach  
  71  6:44  Roach x2  
  71  6:46  Roach x2  
Show
View Real Time Build Order
Export as new Build Order

RiSky Zerg - Winner!

Build Orders: Hatch First 

Get SALT Encoding   

  12  0:00  Drone  
  13  0:12  Overlord  
  13  0:16  Drone  
  14  0:30  Drone x2  
  16  0:48  Hatchery  
  15  0:51  Drone  
  15  0:54  Drone  
  17  1:10  Spawning Pool  
  17  1:11  Drone  
  17  1:14  Extractor  
  17  1:16  Drone  
  17  1:19  Drone  
  18  1:29  Drone  
  19  1:39  Drone  
  20  1:49  Overlord  
  20  1:58  Queen  
  20  1:59  Queen  
  20  2:00  Zergling x4  
  26  2:11  Drone x2  
  26  2:14  Metabolic Boost  
  28  2:21  Drone  
  29  2:23  Drone  
  30  2:34  Hatchery  
  29  2:39  Drone  
  29  2:42  Drone  
  31  2:45  Baneling Nest  
  31  2:47  Drone  
  31  2:52  Overlord  
  31  2:55  Zergling x2  
  32  3:02  Drone  
  33  3:08  Drone  
  33  3:10  Zergling x4  
  35  3:18  Zergling x2  
  35  3:19  Drone x4  
  39  3:22  Drone  
  39  3:23  Evolution Chamber  
  39  3:29  Drone  
  39  3:32  Baneling  
  39  3:33  Zergling x2  
  41  3:34  Baneling x2  
  41  3:38  Zergling x4  
  41  3:40  Baneling  
  43  3:46  Queen, Overlord  
  45  3:50  Overlord  
  45  3:55  Zergling x6  
  47  3:57  Baneling  
  47  3:58  Baneling  
  47  4:00  Zergling x2  
  47  4:01  Zergling x4  
  48  4:03  Zergling x2  
  48  4:06  Baneling  
  48  4:07  Drone x2  
  51  4:13  Drone x2  
  53  4:21  Drone  
  53  4:23  Extractor  
  53  4:24  Extractor  
  53  4:25  Drone x3, Roach Warren  
  54  4:32  Overlord x2  
  52  5:07  Roach x10  
  52  5:12  Roach x2  
  75  5:15  Zergling x2  
  75  5:16  Zergling x8  
  80  5:21  Zergling x4  
  80  5:23  Baneling x2  
  80  5:28  Baneling  
  81  5:37  Zergling x2  
  81  5:38  Overlord  
  79  5:43  Zergling x4  
  79  5:45  Baneling x2  
  79  5:46  Overlord  
  79  5:47  Overlord  
  81  5:53  Zergling x6  
  81  5:55  Baneling x2  
  81  5:56  Baneling x4  
  81  5:58  Zergling x2  
  81  5:59  Zergling x6  
  81  6:02  Zergling x4  
  86  6:06  Zergling x4  
  86  6:07  Zergling x2  
  86  6:13  Zergling x6  
  86  6:14  Zergling x2  
  86  6:16  Zergling x2  
  86  6:23  Zergling x8  
  85  6:28  Zergling x6  
  85  6:37  Zergling x8  
  85  6:39  Ravager  
  86  6:40  Ravager  
  86  6:42  Zergling x4  
  86  6:46  Zergling x6  
  84  6:47  Ravager  
  84  7:07  Ravager x4  

Tags
 
Add a new tag
Caveats
  • Supply blocks, unpowered buildings, or Contaminate may cause inaccurate times.
  • Supply counts are checked every 10 seconds.